 Dungeon Crawl Stone Soup version 0.31.0-32-g396128a36d (webtiles) character file.

Game seed: 2829735390461800664

98 spaghetti the Shooter (level 4, -4/39 HPs)
             Began as a Naga Hunter on Mar 12, 2024.
             Slain by Pargi (5 damage)
             ... in a sewer.
             The game lasted 00:03:13 (2597 turns).

spaghetti the Shooter (Naga Hunter)                 Turns: 2597, Time: 00:03:13

Health: -4/39      AC:  2    Str: 13    XL:     4   Next: 71%
Magic:  4/4        EV:  9    Int:  9    God:
Gold:   130        SH:  0    Dex: 17    Spells: 3/3 levels left

rFire   . . .        (no weapon)
rCold   . . .        (no shield)
rNeg    . . .        c - +0 leather armour
rPois   +            (no helmet)
rElec   .            (no cloak)
rCorr   .            (no gloves)
SInv    +            (no barding)
Will    .....        (no amulet)
Stlth   ++           (no ring)
HPRegen 0.26/turn    (no ring)
MPRegen 0.09/turn

%: no passive effects
@: mighty, brilliant, very slow
A: AC +1, large, see invisible, deformed body, poison resistance, slowness 2,
spit poison 1, naga tail 1
a: Spit Poison


You were in a sewer.
You visited 1 branch of the dungeon, and saw 3 of its levels.
You also visited: Sewer.

You collected 130 gold pieces.

Inventory:

Hand Weapons
 a - a +0 shortbow
Armour
 c - a +0 leather armour (worn)
Jewellery
 k - a ring of fire
Scrolls
 f - a scroll of enchant armour
 i - a scroll of identify
Potions
 e - 2 potions of enlightenment


   Skills:
 - Level 2.0 Fighting
 + Level 5.4 Ranged Weapons
 - Level 1.5 Dodging
 - Level 1.5 Stealth


You had 3 spell levels left.
You didn't know any spells.
Your spell library contained the following spells:

 Spells                   Type           Power      Damage    Failure   Level
 Ensorcelled Hibernation  Hex/Ice        0%         N/A       61%         2
 Passwall                 Erth           0%         N/A       83%         3
 Swiftness                Air            0%         N/A       83%         3


Dungeon Overview and Level Annotations

Branches:
Dungeon (3/15)              Sewer (1/1)

Altars:

Shops:
D:2 :

Annotations:
Sewer Pargi


Innate Abilities, Weirdness & Mutations

Your serpentine skin is tough. (AC +1)
You have supernaturally acute eyesight. (SInv)
Armour fits poorly on your strangely shaped body.
Your system is resistant to poisons. (rPois)
You cover ground very slowly.
You can spit poison.
You have a snake-like lower body.


Message History

Aim: Pargi (lightly wounded, 56% to hit)
You shoot an arrow. The arrow barely misses Pargi.
Fire: a) +0 shortbow
Press: ? - help, Q - select action, (/) - cycle Shift-Dir - straight line, f/p - Pargi
Aim: Pargi (lightly wounded, 56% to hit)
You shoot an arrow. The arrow hits Pargi.
Pargi is lightly wounded.
Fire: a) +0 shortbow
Press: ? - help, Q - select action, (/) - cycle Shift-Dir - straight line, f/p - Pargi
Aim: Pargi (lightly wounded, 56% to hit)
You shoot an arrow. The arrow closely misses Pargi.
As you read the scroll of butterflies, it crumbles to dust.
You hear the flapping of tiny wings.
Pargi is knocked back by the sudden gust.
Okay, then.
Okay, then.
You are now empty-handed.
Pargi bites your butterfly!
Your butterfly dies!
Your butterfly disappears in a burst of colours!
As you read the scroll of torment, it crumbles to dust.
Your body is wracked with pain!
* * * LOW HITPOINT WARNING * * *
Pargi convulses!
Your butterfly disappears in a burst of colours! x24
Okay, then.
You feel very mighty all of a sudden.
You completely miss Pargi.
Pargi is heavily wounded.
Pargi misses you. Pargi claws you but does no damage. Pargi claws you.
* * * LOW HITPOINT WARNING * * *
You closely miss Pargi.
Pargi is moderately wounded.
Pargi closely misses you. Pargi claws you.
* * * LOW HITPOINT WARNING * * *
Pargi claws you.
* * * LOW HITPOINT WARNING * * *
You closely miss Pargi.
Pargi is moderately wounded.
Pargi bites you.
You die...

##########
+.~≈@.'..#
#.~≈T.####
#.~≈~.####
+.~≈~.'.(#
#.b≈~.####
#.~≈~.####
+.~≈~.'..#
#.~≈~.####
####.~≈~.####


You could see Pargi.

Vanquished Creatures
  A jelly (Sewer)
  2 adders (D:2)
  A ribbon worm (D:2)
  2 dart slugs
  8 ball pythons
  4 endoplasms
  5 giant cockroaches
  2 goblins (D:1)
  2 hobgoblins
  A quokka (D:1)
  4 bats (D:1)
  3 frilled lizards (D:1)
  6 kobolds
  2 rats
43 creatures vanquished.

Notes
Turn   | Place    | Note
-------+----------+-------------------------------------------
     0 | D:1      | spaghetti the Naga Hunter began the quest for the Orb.
     0 | D:1      | Reached XP level 1. HP: 19/19 MP: 1/1
   107 | D:1      | Reached skill level 4 in Ranged Weapons
   107 | D:1      | Reached XP level 2. HP: 26/26 MP: 2/2
   828 | D:1      | Found a faded altar of an unknown god.
  1152 | D:1      | Reached XP level 3. HP: 15/32 MP: 3/3
  1958 | D:2      | Found Uxtewn's Book Shoppe.
  2154 | D:2      | Reached skill level 5 in Ranged Weapons
  2447 | D:3      | Reached XP level 4. HP: 39/39 MP: 4/4
  2460 | D:3      | Found a glowing drain.
  2480 | Sewer    | Entered a sewer
  2551 | Sewer    | Noticed Pargi
  2596 | Sewer    | HP: 1/39 [Pargi (4)]
  2597 | Sewer    | Slain by Pargi

Illustrated notes

Levels and vault maps discovered:
D:1:      tarquinn_simple_flora_water_a, layout_basic,
          shapermc_ecumenical_altar_hornbeckon, serial_co_window_serial,
          co_window_paths_b, co_window_paths_b, co_window_cross_1,
          co_window_paths_a, co_window_corner_a, co_window_paths_b,
          co_window_corner_a, co_window_unsneaky_path_a, co_window_broadway_a,
          co_window_2corner, co_window_unsneaky_path_c, co_window_paths_c,
          co_window_of_opportunity_b, co_window_corner_cb, glass_columns_a,
          glass_columns_b, glass_columns_a, glass_columns_a, glass_columns_b,
          minmay_heptomino_o4
D:2:      layout_basic, serial_shops, nicolae_shop_statue_plus
D:3:      layout_loops_ring, nicolae_dithmenos_shadow_blocks,
          cheibrodos_sewer_entry_drain, uniq_terence
Sewer:    kennysheep_door_sewer

Skill      XL: |  1  2  3 |
---------------+----------+-----
Ranged Weapons | 4 5 |  5.4
Fighting       | |  2.0
Dodging        | |  1.5
Stealth        | |  1.5

Action                     |  1- 3 |  4- 6 || total
---------------------------+-------+-------++-------
  Melee: Unarmed           |       |     3 ||     3
   Fire: Shortbow          |   118 |    39 ||   157
Ability: Spit Poison       |     3 |       ||     3
    Use: Scroll            |     5 |     4 ||     9
         Potion            |     3 |     2 ||     5
 Armour: Leather armour    |    48 |    22 ||    70
  Dodge: Dodged            |    31 |    15 ||    46
